 Dungeon Crawl Stone Soup version 0.31-a0-845-g9abc20d24f (webtiles) character file.

Game seed: 11650542403027230777

442 Kurtz the Chopper (level 7, 0/46 HPs)
             Began as an Octopode Fighter on Oct 1, 2023.
             Was a Follower of Okawaru.
             Splashed by a jelly's acid (3 damage)
             ... on level 5 of the Dungeon.
             The game lasted 00:02:01 (3247 turns).

Kurtz the Chopper (Octopode Fighter)                Turns: 3247, Time: 00:02:02

Health: 0/46       AC: -7    Str: 15    XL:     7   Next: 2%
Magic:  8/8        EV: 13    Int: 10    God:    Okawaru [*.....]
Gold:   175        SH:  5    Dex: 14    Spells: 6/6 levels left

rFire   . . .        y - +1 hand axe (vamp)
rCold   + . .        b - +0 buckler
rNeg    . . .        (helmet restricted)
rPois   .            (no amulet)
rElec   .            q - ring of protection from cold
rCorr   .            (no ring)
SInv    .            (no ring)
Will    .....        (no ring)
Stlth   ++           (no ring)
HPRegen 0.27/turn    (no ring)
MPRegen 0.11/turn    (no ring)
                     (no ring)

%: no passive effects
@: mighty, corroded
A: almost no armour, amphibious, 8 rings, camouflage 1, gelatinous body 1,
(nimble swimmer 1), tentacles
a: Renounce Religion, Heroism


You were on level 5 of the Dungeon.
You worshipped Okawaru.
Okawaru was aware of your devotion.
You visited 2 branches of the dungeon, and saw 6 of its levels.

You collected 175 gold pieces.

Inventory:

Hand Weapons
 a - a +0 war axe
 y - a +1 vampiric hand axe (weapon)
Armour
 b - a +0 buckler (worn)
Jewellery
 q - a ring of protection from cold (left tentacle)
Wands
 o - a wand of polymorph (7)
 z - a wand of iceblast (12)
Scrolls
 d - a scroll of noise {unknown}
 g - a scroll of fog {unknown}
 h - 2 scrolls of blinking {unknown}
 i - 2 scrolls of enchant armour {unknown}
 j - 2 scrolls of fear {unknown}
 k - 7 scrolls of identify {unknown}
 l - a scroll of revelation {unknown}
 p - a scroll of vulnerability {unknown}
 t - a scroll of teleportation {unknown}
 x - a scroll of poison {unknown}
Potions
 c - 2 potions of might
 e - a potion of brilliance {unknown}
 f - 3 potions of curing {unknown}
 m - 2 potions of ambrosia {unknown}
 n - a potion of invisibility {unknown}
 r - 3 potions of heal wounds {unknown}
 s - a potion of haste {unknown}
 u - a potion of attraction {unknown}
 v - a potion of degeneration {unknown}
 w - 2 potions of mutation {unknown}


   Skills:
 + Level 3.2 Fighting
 * Level 7.0 Axes
 - Level 3.0 Dodging
 - Level 3.0 Shields
 * Level 1.4 Invocations


You had 6 spell levels left.
You didn't know any spells.
Your spell library contained the following spells:

 Spells                   Type           Power      Damage    Failure   Level
 Ozocubu's Armour         Ice            0%         N/A       83%         3
 Olgreb's Toxic Radiance  Pois           0%         N/A       99%         4
 Passage of Golubria      Tloc           0%         N/A       99%         4
 Yara's Violent Unravell  Hex/Tmut       0%         3d3       100%        5
 Ozocubu's Refrigeration  Ice            0%         4d7       100%        7
 Discord                  Hex            0%         N/A       100%        8
 Ignition                 Fire           0%         3d3       100%        8
 Tukima's Dance           Hex            Unusable   N/A       N/A         3

Dungeon Overview and Level Annotations

Branches:
Dungeon (5/15)             Temple (1/1) D:4

Altars:
Ashenzari
Cheibriados
Dithmenos
Elyvilon
Gozag
Hepliaklqana
Makhleb
Nemelex Xobeh
Okawaru
Qazlal
Ru
Sif Muna
Trog
Wu Jian
Xom
Yredelemnul
Zin

Shops:
D:1 ?   D:3 =   D:5 (


Innate Abilities, Weirdness & Mutations

You cannot wear most types of armour.
You are amphibious.
You can wear up to eight rings at the same time.
Your skin changes colour to match your surroundings (Stealth+).
Your rubbery body absorbs attacks. (AC +1, EV +1)
((You are camouflaged when in or above water. (Stealth+)))
You have tentacles for arms and can constrict up to eight enemies at once.


Message History

z - a wand of iceblast (12) No target in view!
No target in view!
No target in view!
There is a stone staircase leading down here.
Found a stone staircase leading down.
Found a stone staircase leading down.
r - 3 bubbling yellow potions (gained 1)
Found a scale mail.
No target in view!
No target in view!
There is a stone staircase leading down here.
A jelly comes into view.
A jelly is nearby!
A jelly is nearby!
Found a serpent talisman.
The helpless jelly fails to defend itself.
You hit the jelly.
Your tentacles burn!
The jelly is lightly wounded.
The jelly barely misses you.
You hit the jelly. The acid corrodes you!
Your tentacles burn!
You squeeze the jelly.
The jelly is heavily wounded.
The jelly closely misses you. The jelly hits you.
You are splashed with acid!
You barely miss the jelly.
The jelly is heavily wounded.
You hit the jelly.
Your tentacles burn!
The jelly is heavily wounded.
You block the jelly's attack. The jelly hits you.
You are splashed with acid!
* * * LOW HITPOINT WARNING * * *
You are too injured to fight recklessly!
Okay, then.
You feel very mighty all of a sudden. The jelly hits you.
* * * LOW HITPOINT WARNING * * *
The acid corrodes you!
You are splashed with acid!
* * * LOW HITPOINT WARNING * * *
Unknown command.
You hit the jelly but do no damage.
Your tentacles burn!
You die...

. ...#########.#
........J...%##
#.@....... #.######## .
#.#.. .. #.#.###
...####.#.#..
#........#.#.#
#....>..>#.#.#
#####........#.#.#
#............#.#.####.#


You could see a jelly.

Vanquished Creatures
  A black bear (D:5)
  A bullfrog (D:4)
  A scorpion (D:4)
  2 hounds
  A sleepcap (D:4)
  Natasha (thrice) (D:2)
  An adder (D:3)
  A worm (D:2)
  4 dart slugs
  10 ball pythons
  4 endoplasms
  4 giant cockroaches
  5 hobgoblins
  2 quokkas
  5 bats
  4 frilled lizards
  5 goblins
  4 kobolds
  2 rats (D:2)
60 creatures vanquished.

Notes
Turn   | Place    | Note
-------+----------+-------------------------------------------
     0 | D:1      | Kurtz the Octopode Fighter began the quest for the Orb.
     0 | D:1      | Reached XP level 1. HP: 16/16 MP: 1/1
    33 | D:1      | Reached XP level 2. HP: 20/21 MP: 2/2
   217 | D:1      | Found Yzino's Magic Scroll Emporium.
   261 | D:1      | Reached skill level 3 in Axes
   476 | D:1      | Reached XP level 3. HP: 26/26 MP: 3/3
   661 | D:2      | Noticed Natasha
   668 | D:2      | Killed Natasha
   669 | D:2      | Reached skill level 4 in Axes
   669 | D:2      | Reached XP level 4. HP: 11/31 MP: 4/4
   931 | D:2      | Noticed Natasha
   938 | D:2      | Killed Natasha
   966 | D:2      | Noticed Natasha
   972 | D:2      | Killed Natasha
  1028 | D:2      | Reached skill level 5 in Axes
  1034 | D:2      | Reached XP level 5. HP: 36/36 MP: 5/5
  1403 | D:3      | Found Acvur's Jewellery Shop.
  1627 | D:3      | Found a shimmering blue altar of Sif Muna.
  2412 | D:4      | Found a staircase to the Ecumenical Temple.
  2458 | Temple   | Entered the Ecumenical Temple
  2488 | Temple   | Became a worshipper of Warmaster Okawaru
  2653 | D:4      | Reached skill level 6 in Axes
  2653 | D:4      | Reached XP level 6. HP: 42/42 MP: 6/6
  2827 | D:4      | Reached skill level 1 in Invocations
  2972 | D:5      | Entered Level 5 of the Dungeon
  3024 | D:5      | Found Unakol's Antique Weapon Shop.
  3038 | D:5      | Noticed a black bear
  3045 | D:5      | Killed a black bear
  3045 | D:5      | Reached * piety under Okawaru
  3082 | D:5      | Reached skill level 7 in Axes
  3082 | D:5      | Reached XP level 7. HP: 36/46 MP: 6/8
  3247 | D:5      | Splashed by a jelly's acid

Illustrated notes

Levels and vault maps discovered:
D:1:      eino_arrival_water_star, layout_rooms, serial_shops,
          nicolae_shop_advertising_works [nicolae_subvault_shop_adworks],
          item_on_display_a
D:2:      layout_rooms, serial_forest, infiniplex_forest_zigzag_1,
          infiniplex_forest_clump_tiny, infiniplex_forest_clump_tiny,
          infiniplex_forest_clump_small, infiniplex_forest_clump_curved,
          infiniplex_forest_clump_large, infiniplex_forest_straight_2,
          uniq_natasha
D:3:      layout_basic, mainiacjoe_overflow_cross_hatched,
          nicolae_overflow_hidden_temple, serial_shops, shop, minivault_4
D:4:      layout_cave_pods, minmay_temple_entry_gardened_gates
D:5:      lemuel_insect_pit, layout_basic, serial_shops,
          nicolae_shop_just_a_little_nook, nrook_uturn
Temple:   nicolae_temple_slightly_damp_pantheon

Skill      XL: |  1  2  3  4  5  6 |
---------------+-------------------+-----
Axes           | 3 4 5 6 7 |  7.0
Invocations    | 1 |  1.4
Fighting       | |  3.2
Dodging        | |  3.0
Shields        | |  3.0

Action                     |  1- 3 |  4- 6 |  7- 9 || total
---------------------------+-------+-------+-------++-------
  Melee: War axe           |    43 |    47 |       ||    90
         Constrict         |    11 |    15 |       ||    26
         Tentacles         |     7 |    14 |     1 ||    22
         Punch             |     1 |     3 |       ||     4
         Hand axe          |       |    12 |     5 ||    17
    Use: Potion            |       |       |     1 ||     1
   Stab: Sleeping          |     8 |     7 |     1 ||    16
 Armour: Skin              |    26 |    24 |     3 ||    53
  Dodge: Dodged            |    28 |    29 |     2 ||    59
  Block: Buckler           |    12 |    11 |     1 ||    24

Table legend: (Time is in decaauts)
 A = Elapsed time spent in this place.
 B = Non-inter-level travel time spent in this place.
 C = Inter-level travel time spent in this place.
 D = Time resting spent in this place.
 E = Time spent auto-exploring this place.
 F = Levels seen in this place.
 G = Mean time per level.
                   A        B        C        D        E       F      G
               +--------+--------+--------+--------+--------+-----+--------+
         Total |   3282 |   3120 |    162 |    339 |   2347 |   6 |  547.0 |
       Dungeon |   3232 |   3090 |    142 |    339 |   2347 |   5 |  646.4 |
        Temple |     49 |     30 |     19 |      0 |      0 |   1 |   49.0 |
               +--------+--------+--------+--------+--------+-----+--------+

Top non-repeatable levels by time:
     D:4: 942 daAuts
     D:2: 799 daAuts
     D:3: 689 daAuts
     D:1: 527 daAuts
     D:5: 274 daAuts
  Temple: 49 daAuts
